AoeStats
← tobinho_125

Pilgrims

509187866Analyzed
4v4 RM · 6d ago on Sep 25, 2026· 38m 53s· 8 players
Game mode
Random Map
Map size
Large (8 player)
Population
200
Speed
Normal
Resources
Standard
Victory
Conquest
Starting age
Dark Age
Ending age
Imperial Age
RankedLock teamsTeams togetherTeam positionsShared explorationLock speedFull tech treeHidden civsTurbo modeCheats
Victory
Defeat
🇪🇨 Ethiopians · Ecuador
928
+16
🇨🇦 Khmer · Canada
897
+17
🇬🇧 Malay · United Kingdom
891
+17
🇧🇷 Khitans · Brazil
890
+17
🇩🇪 Jurchens · Germany
977
-18
🇩🇪 Armenians · Germany
914
-17
🇨🇭 Romans · Switzerland
904
-16
🇩🇪 Saxons · Germany
899
-16
Willlin
3:39 Loom
18:44 Feudal Age
21:16 Wheelbarrow
20:12 Man-at-Arms
33:38 Castle Age
32:36 Forging
32:27 Scale Mail Armor
35:15 Iron Casting
34:56 Chain Mail Armor
36:09 Husbandry
36:40 Scale Barding Armor
36:24 Double-Bit Axe
37:37 Hand Cart
38:44 Fletching
38:55 Padded Archer Armor
BLOOD FART
11:57 Feudal Age
11:40 Fishing Lines
11:56 Double-Bit Axe
12:10 Horse Collar
14:13 Wheelbarrow
20:28 Castle Age
19:15 Gold Mining
19:18 Stone Mining
20:20 Bow Saw
20:53 Heavy Plow
22:40 Gold Shaft Mining
24:32 Gillnets
28:29 Imperial Age
27:31 Forging
27:24 Squires
27:09 Arson
28:06 Stone Shaft Mining
28:43 Hand Cart
28:58 Conscription
29:34 Iron Casting
30:40 Crop Rotation
34:34 Blast Furnace
32:58 Elite Karambit Warrior
36:07 Town Watch
36:07 Loom
37:11 Thalassocracy
WinyHornet8
12:18 Feudal Age
20:15 Castle Age
20:07 Gold Mining
20:05 Double-Bit Axe
20:03 Horse Collar
23:49 Stone Mining
24:14 Bow Saw
24:09 Heavy Plow
25:03 Gold Shaft Mining
29:06 Thumb Ring
29:20 Crossbowman
29:57 Fletching
30:07 Padded Archer Armor
33:16 Ballistics
37:01 Imperial Age
35:12 Squires
36:22 Wheelbarrow
38:28 Bodkin Arrow
38:48 Leather Archer Armor
39:41 Chemistry
joaoinkgamer
5:47 Loom
12:43 Feudal Age
13:20 Town Watch
15:51 Wheelbarrow
23:38 Castle Age
25:33 Hand Cart
34:01 Double-Bit Axe
34:16 Fishing Lines
tobinho_125
5:23 Loom
12:28 Feudal Age
14:08 Scale Barding Armor
21:36 Wheelbarrow
24:44 Padded Archer Armor
31:10 Castle Age
34:50 Hand Cart
Cramgee
10:14 Loom
14:06 Feudal Age
15:03 Horse Collar
15:10 Double-Bit Axe
17:06 Wheelbarrow
16:06 Man-at-Arms
17:10 Arson
20:00 Forging
21:28 Scale Mail Armor
28:51 Castle Age
30:38 Long Swordsman
31:07 Gambesons
33:12 Iron Casting
PetteriNummelin
3:29 Loom
13:08 Feudal Age
18:02 Wheelbarrow
17:23 Fletching
19:20 Man-at-Arms
20:07 Scale Mail Armor
20:18 Forging
21:02 Town Watch
21:13 Gold Mining
21:14 Stone Mining
21:21 Double-Bit Axe
23:57 Horse Collar
32:29 Castle Age
34:06 Chain Mail Armor
34:39 Iron Casting
34:29 Hand Cart
35:26 Ballistas
37:27 Squires
36:48 Long Swordsman
Wurzelsepp
10:47 Loom
13:54 Feudal Age
15:01 Double-Bit Axe
17:33 Bloodlines
18:40 Scale Barding Armor
23:09 Castle Age
21:09 Horse Collar
21:23 Fletching
21:50 Scale Mail Armor
21:14 Man-at-Arms
21:53 Arson
22:01 Long Swordsman
24:00 Forging
24:07 Squires
23:53 Gambesons
24:48 Bow Saw
24:46 Two-Handed Swordsman
26:35 Chain Mail Armor
29:09 Iron Casting
34:06 Wheelbarrow
34:28 Champion
35:38 Town Watch
Connection lost

Rejoining the realm…

Still unreachable

The connection could not be restored.

Session expired

The server has moved on; the page needs a fresh start.